 Dungeon Crawl Stone Soup version 0.26-a0-720-g2a1d101370 (webtiles) character file.

Game seed: 15853076064122366006

42 Conn the Magician (level 3, -1/21 HPs)
             Began as an Octopode Hedge Wizard on Nov 3, 2020.
             Succumbed to an adder's poison
             ... on level 2 of the Dungeon.
             The game lasted 00:03:38 (1469 turns).

Conn the Magician (Octopode Hedge Wizard)           Turns: 1469, Time: 00:03:39

Health: -1/21      AC:  2    Str:  9    XL:     3   Next: 56%
Magic:  8/8        EV: 13    Int: 17    God:
Gold:   84         SH:  0    Dex: 11    Spells: 4/9 levels left

rFire    . . .     SeeInvis .   g - +2 short sword (elec)
rCold    . . .     Faith    .   (no shield)
rNeg     . . .     Spirit   .   b - +1 hat
rPois    .         Reflect  .   i - amulet of inaccuracy (curse)
rElec    .         Harm     .   (no ring)
rCorr    .         Rampage  .   (no ring)
MR       .....                  (no ring)
Stlth    +++.......             (no ring)
HPRegen  0.07/turn              (no ring)
MPRegen  0.11/turn              (no ring)
                                (no ring)
                                (no ring)

@: lethally poisoned (-1 -> -17), about to teleport
A: almost no armour, stealthy swim, amphibious, 8 rings, constrict 8, camouflage
1, gelatinous body 1
a: no special abilities


You were on level 2 of the Dungeon.
You visited 1 branch of the dungeon, and saw 4 of its levels.

You collected 84 gold pieces.

Inventory:

Hand Weapons
 a - a +0 dagger
 c - a +2 short sword of flaming
 g - a +2 short sword of electrocution (weapon)
Armour
 b - a +1 hat (worn)
Jewellery
 i - a cursed amulet of inaccuracy (around mantle)
Scrolls
 d - a scroll of teleportation


   Skills:
 + Level 0.1 Short Blades
 + Level 2.2 Dodging
 + Level 3.4 Stealth
 + Level 3.8 Spellcasting
 + Level 1.1 Conjurations
 + Level 1.0 Summonings
 + Level 1.0 Translocations


You had 4 spell levels left.
You knew the following spells:

 Your Spells              Type           Power        Failure   Level
a - Magic Dart            Conj           #...         10%         1
b - Blink                 Tloc           N/A          16%         2
c - Call Imp              Summ           #.......     16%         2

Your spell library contained the following spells:

 Spells                   Type           Power        Failure   Level
 Slow                     Hex            #.......     24%         2
 Conjure Flame            Conj/Fire      #.......     36%         3
 Mephitic Cloud           Conj/Pois/Air  #.......     38%         3


Dungeon Overview and Level Annotations

Branches:
Dungeon (4/15)
 Temple: D:4-7

Altars:


Innate Abilities, Weirdness & Mutations

You cannot wear most types of armour.
You are very stealthy in the water. (Stealth+)
You are amphibious.
You can wear up to eight rings at the same time.
You can use your tentacles to constrict eight enemies at once.
Your skin changes colour to match your surroundings (Stealth+).
Your rubbery body absorbs attacks. (AC +1, EV +1)


Message History

You are more poisoned.
The adder poisons you! The adder misses you.
Unknown command.
* * * LOW HITPOINT WARNING * * *
You feel sick.
There is a stone staircase leading down here.
You aren't carrying any potions.
Unknown command.
* * * LOW HITPOINT WARNING * * *
You feel sick.
* * * LOW HITPOINT WARNING * * *
You feel sick.
As you read the scroll of teleportation, it crumbles to dust.
You feel strangely unstable.
* * * LOW HITPOINT WARNING * * *
You feel sick. The hobgoblin misses you.
You hit the hobgoblin.
Lightning courses through the hobgoblin!
You kill the hobgoblin!
You die...

#.# #...## #......
....<.. .S...[.
....... ###
......#
.....######.....#
.......@.S...#
###########....[..
###.##. #


You could see an adder.

Vanquished Creatures
  3 worms
  A dart slug (D:1)
  A leopard gecko (D:2)
  3 bats (D:1)
  A goblin (D:1)
  5 hobgoblins
  2 quokkas
  3 frilled lizards
  6 kobolds
  6 rats
31 creatures vanquished.

Notes
Turn   | Place    | Note
-------+----------+-------------------------------------------
     0 | D:1      | Conn the Octopode Hedge Wizard began the quest for the Orb.
     0 | D:1      | Reached XP level 1. HP: 11/11 MP: 4/4
     4 | D:1      | Noticed an elephant
     8 | D:1      | Noticed an elephant
   356 | D:1      | Reached XP level 2. HP: 17/17 MP: 4/6
   943 | D:1      | Learned a level 2 spell: Blink
   946 | D:1      | Learned a level 2 spell: Call Imp
   976 | D:2      | Reached XP level 3. HP: 21/21 MP: 1/8
  1169 | D:2      | You fall into a shaft and drop 2 floors!
  1468 | D:2      | HP: 1/21 [poisoned by an adder]
  1469 | D:2      | Succumbed to an adder's poison

Illustrated notes

Levels and vault maps discovered:
D:1:      sevenhm_arrival_forest_fort_small_2, layout_loops_ring
D:2:      layout_loops_ring
D:3:      gammafunk_wand_slinger, layout_loops_ring,
          nicolae_overflow_crystal_walls, lemuel_doored_altar, uniq_robin
D:4:      layout_basic, minmay_temple_entry_glass

Skill      XL: |  1  2 |
---------------+-------+-----
Stealth        | 3 |  3.4
Short Blades   | |  0.1
Dodging        | |  2.2
Spellcasting   | |  3.8
Conjurations   | |  1.1
Summonings     | |  1.0
Translocations | |  1.0

Action                   || total
-------------------------++-------
Melee: Short sword       ||    34
       Constrict         ||     9
       Dagger            ||     5
       Tentacles         ||     7
 Cast: Magic Dart        ||    48
       Call Imp          ||     1
  Use: Scroll            ||     4
       Potion            ||     2
 Stab: Sleeping          ||     5
Armor: Skin              ||     9
Dodge: Dodged            ||    21

Table legend: (Time is in decaauts)
 A = Elapsed time spent in this place.
 B = Non-inter-level travel time spent in this place.
 C = Inter-level travel time spent in this place.
 D = Time resting spent in this place.
 E = Time spent auto-exploring this place.
 F = Levels seen in this place.
 G = Mean time per level.
                   A        B        C        D        E       F      G
               +--------+--------+--------+--------+--------+-----+--------+
         Total |   1471 |   1471 |      0 |    122 |    994 |   4 |  367.8 |
       Dungeon |   1471 |   1471 |      0 |    122 |    994 |   4 |  367.8 |
               +--------+--------+--------+--------+--------+-----+--------+

Top non-repeatable levels by time:
     D:1: 960 daAuts
     D:3: 284 daAuts
     D:2: 222 daAuts
     D:4: 3 daAuts
